 Dungeon Crawl Stone Soup version 0.24-a0-203-gf0bc1e9 (webtiles) character file.

Game seed: 3618116306620044214

10588 Borgoz the Slicer (level 11, -2/68 HPs)
             Began as a Gargoyle Fighter on Mar 26, 2019.
             Was a Believer of Ashenzari.
             Slain by a komodo dragon (5 damage)
             ... on level 2 of the Lair of Beasts.
             The game lasted 00:16:01 (8913 turns).

Borgoz the Slicer (Gargoyle Fighter)                Turns: 8913, Time: 00:16:02

Health: -2/68      AC: 22    Str: 20    XL:     11   Next: 64%
Magic:  11/11      EV: 12    Int: 10    God:    Ashenzari [**....]
Gold:   553        SH: 11    Dex: 11    Spells: 10/10 levels left

rFire    . . .     SeeInvis .   y - +2 dagger (elec)
rCold    . . .     Gourm    .   c - +0 shield
rNeg     + . .     Faith    .   b - +0 scale mail
rPois    ∞         Spirit   .   (no helmet)
rElec    +         Reflect  .   m - +2 cloak
rCorr    .         Harm     .   h - +0 pair of gloves
MR       .....                  p - +0 pair of boots
Stlth    ++........             (no amulet)
HPRegen  0.21/turn              (no ring)
MPRegen  0.12/turn              (no ring)

@: no status effects
A: negative energy resistance 1, electricity resistance, unbreathing,
petrification resistance, rot immunity, AC +8
a: Curse Item, Scrying, Renounce Religion


You were on level 2 of the Lair of Beasts.
You worshipped Ashenzari.
Ashenzari was pleased with you.
You were hungry.

You visited 3 branches of the dungeon, and saw 11 of its levels.

You collected 553 gold pieces.

Inventory:

Hand Weapons
 a - a +0 rapier
 y - a +2 dagger of electrocution (weapon)
 G - the +7 short sword of Capoasem {chaos, MR+ Int+4 Dex+5}
   (You took it off a big kobold on level 7 of the Dungeon)

   Each time it hits an enemy it has a different, random effect.
   It affects your intelligence (+4).
   It affects your dexterity (+5).
   It affects your resistance to hostile enchantments.
 H - a +0 dagger of distortion
 I - a +0 whip of distortion
Missiles
 n - a tomahawk (quivered)
 M - 2 throwing nets
Armour
 b - a +0 scale mail (worn)
 c - a +0 shield (worn)
 h - a +0 pair of gloves (worn)
 m - a +2 cloak (worn)
 p - a +0 pair of boots (worn)
Jewellery
 P - an uncursed ring of see invisible
Wands
 D - a wand of paralysis (9)
 N - a wand of iceblast (7)
 Q - a wand of disintegration (6)
Scrolls
 g - 3 scrolls of teleportation
 i - 3 scrolls of enchant armour {unknown}
 j - 2 scrolls of magic mapping {unknown}
 k - 5 scrolls of amnesia {unknown}
 l - a scroll of random uselessness {unknown}
 r - 5 scrolls of remove curse
 t - 6 scrolls of identify {unknown}
 u - a scroll of blinking {unknown}
 x - a scroll of fear {unknown}
 C - 3 scrolls of vulnerability {unknown}
 F - a scroll of immolation {unknown}
 K - a scroll of enchant weapon {unknown}
Potions
 d - a potion of might
 e - 2 potions of curing {unknown}
 o - 3 potions of lignification {unknown}
 q - 3 potions of heal wounds
 s - a potion of invisibility {unknown}
 v - 2 potions of cancellation {unknown}
 w - a potion of mutation {unknown}
 z - a potion of degeneration {unknown}
 A - a potion of flight {unknown}
 B - a potion of agility {unknown}
 E - a potion of brilliance {unknown}
 J - 2 potions of haste {unknown}
 L - a potion of resistance {unknown}
 O - a potion of experience {unknown}
Comestibles
 f - 10 rations


   Skills:
 + Level 7.8 Fighting
 * Level 8.6 Short Blades
 + Level 7.7 Armour
 * Level 7.5 Dodging
 + Level 7.5 Stealth
 + Level 7.8 Shields


You had 10 spell levels left.
You didn't know any spells.
Your spell library contained the following spells:

 Spells                   Type           Power        Failure   Level  Hunger
 Shock                    Conj/Air       #...         94%         1    ##.....
 Swiftness                Chrm/Air       #.......     98%         2    ###....
 Static Discharge         Conj/Air       #.......     100%        3    ####...
 Airstrike                Air            #.........   100%        4    #####..
 Lightning Bolt           Conj/Air       #.........   100%        5    ######.


Dungeon Overview and Level Annotations

Branches:
Dungeon (8/15)             Temple (1/1) D:4            Lair (2/6) D:8
  Swamp: Lair:2-4    Shoals: Lair:2-4     Snake: Lair:2-4    Spider: Lair:2-4

Altars:
Ashenzari
Cheibriados
Dithmenos
Elyvilon
Fedhas
Gozag
Hepliaklqana
Kikubaaqudgha
Nemelex Xobeh
Okawaru
Qazlal
Ru
Sif Muna
Trog
Uskayaw
Vehumet
Wu Jian
Xom
Yredelemnul
Zin
The Shining One

Shops:
D:6 (

Annotations:
D:7 1 runed translucent door
Lair:1 Sonja


Innate Abilities, Weirdness & Mutations

You are resistant to torment.
Your stone body is resilient. (AC +8)
You are immune to poison.
You resist negative energy. (rN+)
You are resistant to electric shocks. (rElec)
You can survive without breathing.
You are immune to petrification.
You are immune to rotting.


Message History

The yak is heavily wounded.
The yak misses you.
You hit the yak.
The yak is heavily wounded.
You block the yak's attack.
You barely miss the yak.
The yak is heavily wounded.
You puncture the yak! Lightning courses through the yak!
You kill the yak!
You hit the komodo dragon.
The komodo dragon is lightly wounded.
You hit the komodo dragon.
Lightning courses through the komodo dragon!
The komodo dragon is heavily wounded.
The komodo dragon bites you!!
* * * LOW HITPOINT WARNING * * *
You hit the komodo dragon.
The komodo dragon is severely wounded.
The komodo dragon bites you.
You die...

#####.......#..............,
###.#..#..................
##.##..(...................
,
....#......................
,
...........................,
*
......P......P##...........
......#P.....####r.........
.....####.....###lY.......#
* .....#
#.......#@#{........ ,
....##
##.....#####...#.###*,,
....# #.....##* *#P..### ,
....# #....##* ,....# ....#
, , ** , .....# #..## * ,
....# #### ..# , , , * * , *


You could see a komodo dragon, a yak and a porcupine.

Vanquished Creatures
  2 hydras
  Harold (Lair:1)
  The ghost of George the Cleaver, a novice DsFi of Makhleb (D:7)
  A lindwurm (Lair:1)
  3 black mambas
  A torpor snail (Lair:1)
  A spiny frog (Lair:1)
  3 komodo dragons
  Grinder (D:5)
  A hippogriff (D:7)
  2 yaks
  A hungry ghost (D:8)
  5 porcupines
  3 water moccasins (Lair:1)
  A sky beast (D:5)
  An ice beast (D:5)
  A phantom (D:8)
  3 wolves (Lair:2)
  3 ogres
  A centaur (D:5)
  4 crocodiles (Lair:1)
  9 big kobolds (D:7)
  3 bullfrogs
  Blork the orc (D:4)
  4 scorpions
  2 howler monkeys
  4 crimson imps
  A bullfrog zombie (D:6)
  A centaur zombie (D:6)
  4 jellies
  4 hounds
  2 orc priests
  2 centaur skeletons
  4 orc wizards
  Crazy Yiuf (D:2)
  2 bullfrog skeletons
  Natasha (thrice) (D:2)
  An iguana (D:8)
  5 worker ants
  A worker ant zombie (D:5)
  7 gnolls
  9 adders
  An ooze (D:6)
  An adder zombie (D:5)
  2 worms
  2 leopard geckos
  27 orcs
  3 ball pythons (D:3)
  3 giant cockroaches
  5 hobgoblins
  14 jackals
  3 quokkas
  11 bats
  13 frilled lizards
  6 goblins
  9 kobolds
  A quokka zombie (D:6)
  11 rats
  3 plants
225 creatures vanquished.

Vanquished Creatures (others)
  3 fungi (D:7)
  4 plants
7 creatures vanquished.

Grand Total: 232 creatures vanquished

Notes
Turn   | Place    | Note
-------+----------+-------------------------------------------
     0 | D:1      | Borgoz the Gargoyle Fighter began the quest for the Orb.
     0 | D:1      | Reached XP level 1. HP: 14/14 MP: 1/1
    99 | D:1      | Reached skill level 2 in Short Blades
    99 | D:1      | Reached XP level 2. HP: 17/19 MP: 2/2
   560 | D:1      | Reached skill level 1 in Stealth
   747 | D:2      | Found an ornate altar of the Wu Jian Council.
   790 | D:2      | Reached XP level 3. HP: 23/23 MP: 3/3
   957 | D:2      | Reached skill level 1 in Dodging
  1055 | D:2      | Noticed Natasha
  1065 | D:2      | Killed Natasha
  1065 | D:2      | Reached XP level 4. HP: 28/28 MP: 4/4
  1186 | D:2      | Found a runed translucent door.
  1187 | D:2      | Noticed Crazy Yiuf
  1350 | D:2      | Reached XP level 5. HP: 28/33 MP: 5/5
  1457 | D:2      | Noticed Natasha
  1486 | D:2      | Killed Natasha
  1509 | D:2      | Noticed Natasha
  1518 | D:2      | Killed Natasha
  1756 | D:2      | Killed Crazy Yiuf
  1887 | D:3      | Found an ancient bone altar of Kikubaaqudgha.
  1887 | D:3      | Found a glowing golden altar of the Shining One.
  1888 | D:3      | Found a shattered altar of Ashenzari.
  1902 | D:3      | Found a white marble altar of Elyvilon.
  1969 | D:3      | Found an iron altar of Okawaru.
  2065 | D:3      | Reached skill level 3 in Short Blades
  2065 | D:3      | Reached XP level 6. HP: 35/38 MP: 6/6
  2623 | D:3      | Became a worshipper of Ashenzari the Shackled
  2934 | D:4      | Noticed Blork the orc
  2953 | D:4      | Killed Blork the orc
  2988 | D:4      | Found a staircase to the Ecumenical Temple.
  3087 | D:4      | Reached XP level 7. HP: 43/43 MP: 7/7
  3260 | D:4      | Reached skill level 4 in Short Blades
  3541 | D:4      | Reached * piety under Ashenzari
  3600 | D:5      | Entered Level 5 of the Dungeon
  3623 | Temple   | Entered the Ecumenical Temple
  3784 | D:5      | Reached XP level 8. HP: 40/48 MP: 8/8
  3998 | D:5      | Noticed Grinder
  4007 | D:5      | Reached skill level 5 in Shields
  4563 | D:5      | Paralysed by Grinder for 2 turns
  4579 | D:5      | Reached skill level 5 in Fighting
  4585 | D:5      | Paralysed by Grinder for 7 turns
  4619 | D:5      | Paralysed by Grinder for 2 turns
  4631 | D:5      | Killed Grinder
  4631 | D:5      | Reached skill level 5 in Short Blades
  4631 | D:5      | Reached skill level 5 in Armour
  4785 | D:5      | Reached XP level 9. HP: 42/54 MP: 9/9
  5438 | D:6      | Found Laeg's Antique Weapon Boutique.
  5699 | D:6      | Reached skill level 5 in Stealth
  6163 | D:7      | Reached skill level 5 in Dodging
  6185 | D:7      | Reached skill level 6 in Short Blades
  6217 | D:7      | Noticed a sixfirhy
  6218 | D:7      | Found a runed translucent door.
  6226 | D:7      | Found a runed translucent gate.
  6228 | D:7      | Found a runed translucent gate.
  6228 | D:7      | Found a runed translucent gate.
  6232 | D:7      | Identified the +7 short sword of Capoasem {chaos, MR+ Int+4
                  | Dex+5}
  6233 | D:7      | Noticed George's ghost (novice DsFi)
  6578 | D:7      | Killed George's ghost
  6578 | D:7      | Reached XP level 10. HP: 42/60 MP: 10/10
  6737 | D:8      | Found a staircase to the Lair.
  6743 | D:8      | Reached ** piety under Ashenzari
  6783 | D:8      | Reached skill level 7 in Short Blades
  6924 | Lair:1   | Entered Level 1 of the Lair of Beasts
  7092 | Lair:1   | Noticed Harold
  7108 | Lair:1   | Noticed a black mamba
  7131 | Lair:1   | Killed a black mamba
  7138 | Lair:1   | Killed Harold
  7151 | Lair:1   | Noticed a lindwurm
  7168 | Lair:1   | Killed a lindwurm
  7555 | Lair:1   | Noticed a black mamba
  7556 | Lair:1   | Noticed a torpor snail
  7575 | Lair:1   | Killed a black mamba
  7575 | Lair:1   | Reached XP level 11. HP: 43/67 MP: 11/11
  7595 | Lair:1   | Reached skill level 8 in Short Blades
  8067 | Lair:1   | Noticed Sonja
  8072 | Lair:1   | Noticed a six-headed hydra
  8514 | Lair:1   | Killed a six-headed hydra
  8817 | Lair:2   | Noticed a six-headed hydra
  8838 | Lair:2   | Killed a six-headed hydra
  8912 | Lair:2   | HP: 3/68 [komodo dragon (22)]
  8913 | Lair:2   | Slain by a komodo dragon

Levels and vault maps discovered:
D:1:      nzn_arrival_water_spiral, layout_basic
D:2:      layout_loops_cross, lemuel_round_altar, first_ration, serial_forest,
          infiniplex_forest_clump_cross, infiniplex_forest_straight_4,
          infiniplex_forest_straight_3, infiniplex_forest_lined_1,
          infiniplex_forest_lined_room_2, infiniplex_forest_clump_long,
          infiniplex_forest_straight_3, uniq_crazy_yiuf_cottage, uniq_natasha
D:3:      layout_loops_ring, nicolae_overflow_quartered_altars,
          kennysheep_okawaru_gauntlet
D:4:      layout_gridville, minmay_temple_entry_stoned_glass, uniq_blork_the_orc
D:5:      layout_cave_pools, uniq_grinder
D:6:      cheibrodos_quashed, layout_loops_ring, serial_shops,
          kennysheep_little_box
D:7:      cheibrodos_shockbox, layout_loops_ring, gammafunk_ghost_nasty_kobolds
D:8:      layout_basic, lightli_temple_of_fire, david_lair_shrubbed
Temple:   lightli_temple_of_artemis
Lair:1:   layout_cave_pods, minmay_shattered_shrine, uniq_sonja, uniq_harold
Lair:2:   layout_cave_pods, spider_nest_entry_rubble, gauntlet_entry_generic,
          serial_bayou_crossing

Skill      XL: |  1  2  3  4  5  6  7  8  9 10 11 |
---------------+----------------------------------+-----
Short Blades   | 2 3 4 5 6 7 8 |  8.6
Stealth        | 1 2 3 4 5 6 7 |  7.5
Dodging        | 1 2 3 4 5 6 7 |  7.5
Shields        | 4 5 6 7 |  7.8
Fighting       | 4 5 6 7 |  7.8
Armour         | 4 5 6 7 |  7.7

Action                   |  1- 3 |  4- 6 |  7- 9 | 10-12 || total
-------------------------+-------+-------+-------+-------++-------
Melee: Rapier            |   154 |   277 |   326 |       ||   757
       Dagger            |       |       |   202 |   366 ||   568
Throw: Tomahawk          |       |     4 |       |       ||     4
Evoke: Wand              |       |       |       |    12 ||    12
  Use: Potion            |       |       |     2 |     3 ||     5
       Scroll            |       |       |     1 |     1 ||     2
 Stab: Distracted        |       |       |     1 |       ||     1
       Sleeping          |       |       |       |     1 ||     1
  Eat: Chunk             |     1 |     7 |    11 |     2 ||    21
       Ration            |       |       |       |     2 ||     2
Armor: Scale mail        |    94 |   135 |   311 |   126 ||   666
Dodge: Dodged            |    45 |    68 |   232 |   104 ||   449
Block: Shield            |   103 |   124 |   340 |   149 ||   716

Table legend:
 A = Non-vault XP
 B = Vault XP
 C = Vault XP percentage of total XP
 D = Non-vault monster count
 E = Vault monster count
 F = Vault count percentage of total count
                 A         B        C        D         E       F
            +---------+---------+-------+---------+---------+-------
      Total |    9537 |    5589 |  36.9 |     196 |      26 |  11.7
            +---------+---------+-------+---------+---------+-------
        D:1 |      26 |       0 |   0.0 |      20 |       0 |   0.0
        D:2 |     175 |      75 |  30.0 |      29 |       2 |   6.5
        D:3 |     141 |       4 |   2.8 |      34 |       2 |   5.6
        D:4 |     575 |      90 |  13.5 |      28 |       1 |   3.4
        D:5 |    1044 |     290 |  21.7 |      20 |       1 |   4.8
        D:6 |     664 |       0 |   0.0 |      24 |       0 |   0.0
        D:7 |     753 |    1550 |  67.3 |      19 |       9 |  32.1
        D:8 |     339 |     367 |  52.0 |       3 |       1 |  25.0
     Lair:1 |    3345 |    3213 |  49.0 |      11 |      10 |  47.6
     Lair:2 |    2475 |       0 |   0.0 |       8 |       0 |   0.0
            +---------+---------+-------+---------+---------+-------
